 Dungeon Sprint DCSS version 0.29.1-13-g9f3cf754e1 (webtiles) character file.

Game seed: 3892913967881853400

25 sircluck the Slasher (level 3, 0/31 HPs)
             Began as a Human Berserker on Jan 25, 2023.
             Was a Follower of Trog.
             Slain by an ogre
             ... wielding a +0 giant club
              (7 damage)
             ... in the Dungeon (Sprint I: "Red Sonja").
             The game lasted 00:01:20 (108 turns).

sircluck the Slasher (Human Berserker)               Turns: 108, Time: 00:01:21

Health: 0/31       AC:  2    Str: 19    XL:     3   Next: 17%
Magic:  3/3        EV: 12    Int:  7    God:    Trog [*.....]
Gold:   0          SH:  0    Dex: 12    Spells: 2/2 levels left

rFire   . . .      SeeInvis .   a - +0 falchion
rCold   . . .      Faith    .   (no shield)
rNeg    . . .      Spirit   .   b - +0 animal skin
rPois   .          Reflect  .   (no helmet)
rElec   .          Harm     .   (no cloak)
rCorr   .          Rampage  .   (no gloves)
Will    .....      NoTele   +   (no boots)
Stlth   +.........              (no amulet)
HPRegen 0.10/turn               (no ring)
MPRegen 0.08/turn               (no ring)

@: no status effects
A: no striking features
a: Renounce Religion, Berserk


You were in the Dungeon.
You worshipped Trog.
Trog was aware of your devotion.
You visited 1 branch

Inventory:

Hand Weapons
 a - a +0 falchion (weapon)
 j - a +0 dagger
Armour
 b - a +0 animal skin (worn)
 k - a +3 leather armour of positive energy
Wands
 g - a wand of acid (1)
Scrolls
 h - a scroll of blinking
Potions
 c - a potion of curing
 d - a potion of heal wounds
 e - a potion of haste
 f - 2 potions of magic
 i - a potion of mutation {unknown}


   Skills:
 + Level 4.6 Fighting
 + Level 4.6 Long Blades
 + Level 2.6 Armour
 + Level 2.7 Dodging


You had 2 spell levels left.
You didn't know any spells.
Your spell library was empty.

Dungeon Overview and Level Annotations

Branches:
Dungeon (1/1)

Altars:


Message History

You feel yourself slow down.
There is an open door, spattered with blood here.
There is an open door, spattered with blood here.
There is an open door, spattered with blood here.
There is an open door, spattered with blood here.
You feel yourself speed up.
There is an open door, spattered with blood here.
There is an open door, spattered with blood here.
There is an open door, spattered with blood here.
You recover from your berserk rage.
There is an open door, spattered with blood here.
There is an open door, spattered with blood here.
There is an open door, spattered with blood here.
There is an open door, spattered with blood here.
There is an open door, spattered with blood here.
There is an open door, spattered with blood here.
There is an open door, spattered with blood here.
There is an open door, spattered with blood here.
There is an open door, spattered with blood here.
You open the door.
An ogre comes into view. It is wielding a +0 giant club.
The ogre shouts!
Aiming: Corrosive Bolt
Press: ? - help, Q - select action Shift-Dir - straight line, f - ogre
Aim: an ogre, wielding a +0 giant club (86% to hit)
The bolt of acid hits the ogre!
The acid corrodes the ogre!
The ogre is moderately wounded.
You slash the ogre!
The ogre is severely wounded.
The ogre hits you with a +0 giant club!
You barely miss the ogre.
The ogre is severely wounded.
You hit the ogre but do no damage.
The ogre is severely wounded.
The ogre hits you with a +0 giant club!
* * * LOW HITPOINT WARNING * * *
You hit the ogre.
The ogre is severely wounded.
The ogre hits you with a +0 giant club!
You die...

##########
#<.#.@O..#
#..'..#..+
#..#### +#
#..# #..#
#..# #⌠⌠#
####


You could see an ogre (corroded).

Vanquished Creatures
  Ijyb (D)
1 creature vanquished.

Notes
Turn   | Place    | Note
-------+----------+-------------------------------------------
     0 | D        | sircluck the Human Berserker began the quest for the Orb.
     0 | D        | Reached XP level 1. HP: 18/18 MP: 1/1
     2 | D        | Noticed Ijyb
    10 | D        | Killed Ijyb
    11 | D        | Reached XP level 2. HP: 26/26 MP: 2/2
    11 | D        | Reached XP level 3. HP: 31/31 MP: 3/3
   101 | D        | Noticed an ogre
   108 | D        | Slain by an ogre

Illustrated notes

Levels and vault maps discovered:
D:        dungeon_sprint_1 [red_sonja_temple_1, red_sonja_temple_small_1]

Skill      XL: |  1 |
---------------+----+-----
Fighting       | 4 |  4.6
Long Blades    | 4 |  4.6
Armour         | |  2.6
Dodging        | |  2.7

Action                   || total
-------------------------++-------
Melee: Falchion          ||    11
Evoke: Wand              ||     1
  Use: Potion            ||     1
Dodge: Dodged            ||     2
